 Dungeon Crawl Stone Soup version 0.23-a0-726-g9fa1570 (webtiles) character file.

67593 domsik the Severer (level 14, -2/125 HPs)
             Began as a Minotaur Fighter on Jan 15, 2019.
             Was the Champion of Okawaru.
             Killed by divine providence
             ... invoked by a meliai
              (14 damage)
             ... on level 13 of the Dungeon on Jan 16, 2019.
             The game lasted 01:16:04 (17093 turns).

domsik the Severer (Minotaur Fighter)              Turns: 17093, Time: 01:16:05

Health: -2/125     AC: 27    Str: 24    XL:     14   Next: 83%
Magic:  20/20      EV: 10    Int:  5    God:    Okawaru [******]
Gold:   1767       SH: 15    Dex: 12    Spells: 13/13 levels left

rFire    + . .     SeeInvis +   a - +7 broad axe "Faroet" {flame, rElec}
rCold    + . .     Gourm    .   c - +0 shield
rNeg     . . .     Faith    .   E - +0 plate armour
rPois    +         Spirit   .   S - +2 hat {SInv}
rElec    +         Reflect  .   H - scarf {rC+ rF+}
rCorr    .         Harm     .   R - +2 pair of gloves
MR       +....                  p - +0 pair of boots
Stlth    ..........             Q - amulet of regeneration
HPRegen  0.70/turn              M - ring of poison resistance
MPRegen  0.17/turn              z - +4 ring of slaying

@: lethally poisoned (-2 -> -3), heroism, very slightly contaminated, invisible
A: retaliatory headbutt, horns 2
a: Heroism, Finesse, Renounce Religion


You were on level 13 of the Dungeon.
You worshipped Okawaru.
Okawaru was exalted by your worship.
You were hungry.

You visited 2 branches of the dungeon, and saw 19 of its levels.

You collected 1767 gold pieces.

Inventory:

Hand Weapons
 a - the +7 broad axe "Faroet" (weapon) {flame, rElec}
   (You acquired it on level 6 of the Lair of Beasts)

   It has been specially enchanted to burn those struck by it, causing extra
   injury to most foes and up to half again as much damage against particularly
   susceptible opponents.
   Big, fiery blades are also staple armaments of hydra-hunters.
   It insulates you from electricity.
 b - the +6 broad axe of Bread {chop, rF+ Int+4}
   (Okawaru gifted it to you on level 10 of the Dungeon)

   It inflicts extra damage upon your enemies.
   It affects your intelligence (+4).
   It protects you from fire.
Armour
 c - a +0 shield (worn)
 p - a +0 pair of boots (worn)
 E - a +0 plate armour (worn)
 H - a scarf of resistance (worn)
 R - a +2 pair of gloves (worn)
 S - a +2 hat of see invisible (worn)
Jewellery
 z - a +4 ring of slaying (right hand)
 D - an uncursed ring of protection from fire
 I - an uncursed ring of resist corrosion
 L - an uncursed ring of ice
 M - a ring of poison resistance (left hand)
 Q - an amulet of regeneration (around neck)
Wands
 l - a wand of scattershot (5)
 G - a wand of flame (9)
 K - a wand of digging (20)
 U - a wand of iceblast (7)
Scrolls
 d - a scroll of immolation
 g - 3 scrolls of holy word
 k - 3 scrolls of fog
 n - a scroll of noise
 q - 4 scrolls of fear
 r - a scroll of blinking
 t - 19 scrolls of remove curse
 w - 18 scrolls of teleportation
 F - 2 scrolls of vulnerability
 J - a scroll of silence
 N - 4 scrolls of magic mapping
 P - 2 scrolls of summoning
Potions
 e - 4 potions of berserk rage
 i - 6 potions of haste
 j - 4 potions of flight
 m - 2 potions of ambrosia
 o - 11 potions of curing
 u - 2 potions of mutation
 v - 2 potions of cancellation {unknown}
 y - a potion of brilliance {unknown}
 B - 5 potions of agility {unknown}
 Y - 4 potions of might
Comestibles
 f - 44 rations


   Skills:
 + Level 11.7(16.7) Fighting
 - Level 18.0(23.0) Axes
 + Level 15.3(20.3) Armour
 + Level 12.3(17.3) Shields
 - Level 10.0 Invocations


You had 13 spell levels left.
You didn't know any spells.
Your spell library contained the following spells:

 Spells                   Type           Power        Failure   Level  Hunger
 Flame Tongue             Conj/Fire      #....        96%         1    ##.....
 Magic Dart               Conj           #...         96%         1    ##.....
 Summon Butterflies       Summ           #.......     96%         1    ##.....
 Blink                    Tloc           N/A          99%         2    ###....
 Call Imp                 Summ           #.......     99%         2    ###....
 Slow                     Hex            #.......     99%         2    ###....
 Throw Flame              Conj/Fire      #.....       99%         2    ###....
 Call Canine Familiar     Summ           #.......     100%        3    ####...
 Conjure Flame            Conj/Fire      #.......     100%        3    ####...
 Inner Flame              Hex/Fire       #.......     100%        3    ####...
 Mephitic Cloud           Conj/Pois/Air  #.......     100%        3    ####...
 Sticky Flame             Conj/Fire      #.......     100%        4    #####..
 Summon Ice Beast         Ice/Summ       #.......     100%        4    #####..
 Fireball                 Conj/Fire      #.........   100%        5    ######.
 Summon Mana Viper        Hex/Summ       #.......     100%        5    ######.
 Summon Hydra             Summ           #.........   100%        7    #######


Dungeon Overview and Level Annotations

Branches:
Dungeon (13/15)            Temple (0/1) D:6            Lair (6/6) D:11
 Shoals (0/4) Lair:2       Spider (0/4) Lair:3        Slime (0/5) Lair:6
    Orc (0/2) D:11
 Vaults: D:13-14

Altars:
Ashenzari
Cheibriados
Fedhas
Gozag
Nemelex Xobeh
Okawaru
Qazlal
Uskayaw
Wu Jian
Yredelemnul


Innate Abilities, Weirdness & Mutations

You reflexively headbutt those who attack you in melee.
You have a pair of horns on your head.


Message History

You feel sick. The meliai barely misses you. The meliai closely misses you.
You feel sick. The meliai hits you but does no damage.
You block the meliai's attack. You block the meliai's attack.
The meliai closely misses you.
You feel sick.
The meliai calls upon its god to heal the meliai.
The meliai's wounds heal themselves!
You see here 23 stones.
The meliai hits you but does no damage. You block the meliai's attack.
You feel sick. You block the meliai's attack. The meliai barely misses you.
You see here 24 arrows.
You feel sick.
There is an open door here.
The meliai closely misses you. x2
There is a stone staircase leading up, spattered with blood here.
The meliai hits you but does no damage. You block the meliai's attack.
The meliai invokes the aid of its god against you.
Something smites you!
You die...

#.........'.# #.....
##########
#.........#.####.....
.........#
#.........#...)......
#######..##
#.........######.....
#.....##..###.........#
#.....
..≈≈≈(§#....'.........#
#.....
.≈≈≈≈§§#.####.........#
#..... ..§≈≈)§#.#
#.........# #.....
#....)##.# #...@.<...#
#..... #######..#
#....yy...# #.....
.........# ######y####
##.### ###.######
##y(.# #.# ....# #yy###
#.#
###.###########.####
##'###
#...............(#
#....#
##########.......#
#..>.# #.....(.# #.y..#


You could see 3 meliai.

Vanquished Creatures
  Gastronok (Lair:3)
  The ghost of Exirev the Spear-Bearer, a journeyman MfIE of Makhleb (Lair:4)
  2 fire dragons
  8 hydras
  Harold (D:7)
  Erica (D:8)
  A death knight (D:13)
  2 two-headed ogres
  6 death yaks (Lair:3)
  Urug (D:11)
  A fire crab (Lair:5)
  Nergalle (Lair:3)
  A sun demon (D:13)
  A swamp dragon (Lair:6)
  2 spectral hydras (Lair:4)
  Pikel (D:4)
  2 phantasmal warriors (D:13)
  A deep elf mage (D:12)
  An ugly thing (D:11)
  2 oklob plants (Lair:4)
  A wolf spider (Lair:6)
  A cyclops (D:10)
  13 elephants
  A guardian serpent (Lair:6)
  7 black mambas
  15 spiny frogs
  2 torpor snails
  3 gargoyles (D:11)
  A freezing wraith (D:13)
  A rime drake (Lair:3)
  10 komodo dragons
  An ice devil (D:13)
  3 trolls
  A jumping spider (Lair:2)
  2 hornets (Lair:6)
  2 merfolk (Lair:2)
  13 blink frogs
  A spectral black mamba (Lair:4)
  10 dream sheep
  5 hippogriffs
  7 redbacks
  A vampire (D:10)
  32 yaks
  A spriggan (D:7)
  14 wyverns
  2 basilisks
  5 steam dragons
  A death yak simulacrum (Lair:4)
  Menkaure (D:4)
  3 hungry ghosts
  14 water moccasins
  A warg (Lair:1)
  Duvessa (D:7)
  2 acid dragons (Lair:6)
  7 porcupines
  6 sky beasts
  2 black bears
  6 orc warriors
  An ice beast (D:10)
  6 ogres
  A black mamba simulacrum (Lair:4)
  10 wolves (Lair:1)
  12 centaurs
  8 crocodiles
  A big kobold (D:8)
  26 bullfrogs
  3 scorpions
  Dowan (D:7)
  5 killer bees (D:10)
  4 wights (D:12)
  6 electric eels
  8 crimson imps
  A lava snake (Lair:3)
  A bullfrog zombie (D:8)
  2 orc priests
  2 quasits
  A komodo dragon simulacrum (Lair:4)
  8 orc wizards
  2 jellies
  10 hounds
  4 centaur skeletons
  A bullfrog skeleton (D:5)
  3 iguanas
  8 worker ants
  A killer bee zombie (D:7)
  A hound zombie (D:5)
  A hound skeleton (D:6)
  2 worker ant zombies
  6 adders
  3 shadow imps
  4 white imps (D:13)
  An adder zombie (D:5)
  2 adder skeletons
  A worm (D:2)
  7 leopard geckos
  40 orcs
  3 giant cockroaches
  14 goblins
  8 hobgoblins
  10 jackals
  12 kobolds
  6 quokkas
  5 bats
  9 frilled lizards
  A jackal skeleton (D:4)
  A quokka skeleton (D:9)
  2 rats (D:3)
  3 fungi
  11 plants
525 creatures vanquished.

Vanquished Creatures (others)
  A slave (D:4)
  An ogre (D:4)
  5 fungi
  18 plants
25 creatures vanquished.

Grand Total: 550 creatures vanquished

Notes
Turn   | Place    | Note
-------+----------+-------------------------------------------
     0 | D:1      | domsik the Minotaur Fighter began the quest for the Orb.
     0 | D:1      | Reached XP level 1. HP: 19/19 MP: 0/0
   427 | D:1      | Reached XP level 2. HP: 26/26 MP: 1/1
   976 | D:2      | Found a faded altar of an unknown god.
  1051 | D:2      | Found a sparkling altar of Nemelex Xobeh.
  1054 | D:2      | Found a basalt altar of Yredelemnul.
  1059 | D:2      | Reached skill level 3 in Axes
  1082 | D:2      | Reached XP level 3. HP: 30/31 MP: 2/2
  1475 | D:2      | Reached XP level 4. HP: 39/39 MP: 3/3
  1664 | D:3      | Found a snail-covered altar of Cheibriados.
  1865 | D:3      | Noticed a centaur
  1887 | D:3      | Killed a centaur
  1887 | D:3      | Reached skill level 4 in Axes
  1887 | D:3      | Reached skill level 5 in Armour
  1887 | D:3      | Reached skill level 5 in Shields
  1887 | D:3      | Reached XP level 5. HP: 15/45 MP: 4/4
  2198 | D:3      | Found an iron altar of Okawaru.
  2559 | D:3      | Became a worshipper of Warmaster Okawaru
  2711 | D:4      | Noticed an ogre
  2732 | D:4      | Reached skill level 1 in Invocations
  2732 | D:4      | Reached XP level 6. HP: 31/51 MP: 5/5
  3044 | D:4      | Noticed Pikel
  3044 | D:4      | Noticed a slave
  3044 | D:4      | Noticed a slave
  3044 | D:4      | Noticed a slave
  3044 | D:4      | Noticed a slave
  3049 | D:4      | Reached skill level 5 in Axes
  3059 | D:4      | Killed Pikel
  3059 | D:4      | Reached skill level 7 in Axes
  3059 | D:4      | Reached XP level 7. HP: 42/57 MP: 5/8
  3202 | D:4      | Noticed Menkaure
  3207 | D:4      | Killed Menkaure
  3207 | D:4      | Reached * piety under Okawaru
  3373 | D:4      | Found an opulent altar of Gozag.
  3558 | D:4      | Reached skill level 8 in Axes
  3606 | D:4      | Got a bloodstained ring mail
  3617 | D:4      | Identified the +3 ring mail of Exepenus {rElec Dex+5} (You
                  | found it on level 4 of the Dungeon)
  3761 | D:4      | Reached XP level 8. HP: 59/64 MP: 8/10
  3833 | D:5      | Entered Level 5 of the Dungeon
  3956 | D:5      | Reached ** piety under Okawaru
  4147 | D:5      | Reached skill level 9 in Axes
  4564 | D:5      | Found an ornate altar of the Wu Jian Council.
  4670 | D:6      | Found a staircase to the Ecumenical Temple.
  5132 | D:6      | Reached skill level 5 in Invocations
  5554 | D:7      | Reached skill level 10 in Axes
  5696 | D:7      | Found a blossoming altar of Fedhas.
  5696 | D:7      | Noticed Dowan
  5697 | D:7      | Noticed Duvessa
  5710 | D:7      | Killed Dowan
  5720 | D:7      | Killed Duvessa
  5761 | D:7      | Noticed a hippogriff
  5767 | D:7      | Killed a hippogriff
  5767 | D:7      | Reached XP level 9. HP: 56/70 MP: 12/12
  6051 | D:7      | Reached skill level 11 in Axes
  6066 | D:7      | Reached *** piety under Okawaru
  6348 | D:7      | Noticed Harold
  6359 | D:7      | Killed Harold
  6359 | D:7      | Reached skill level 12 in Axes
  6510 | D:7      | Reached **** piety under Okawaru
  6514 | D:7      | Reached XP level 10. HP: 68/77 MP: 14/14
  6930 | D:8      | Found a hide-covered altar of Uskayaw.
  7025 | D:8      | Found a shattered altar of Ashenzari.
  7039 | D:8      | Noticed Erica
  7050 | D:8      | Killed Erica
  7050 | D:8      | Received a gift from Okawaru
  7414 | D:8      | Reached skill level 13 in Axes
  7788 | D:9      | Found a stormy altar of Qazlal.
  8092 | D:10     | Entered Level 10 of the Dungeon
  8105 | D:10     | Reached ***** piety under Okawaru
  8459 | D:10     | Received a gift from Okawaru
  8464 | D:10     | Reached skill level 14 in Axes
  8471 | D:10     | Got a faintly glowing broad axe {god gift}
  8472 | D:10     | Identified the +6 broad axe of Bread {chop, rF+ Int+4}
                  | (Okawaru gifted it to you on level 10 of the Dungeon)
  8489 | D:10     | Reached XP level 11. HP: 82/82 MP: 16/16
  8661 | D:10     | Reached skill level 10 in Armour
  8962 | D:11     | Noticed a two-headed ogre
  8970 | D:11     | Killed a two-headed ogre
  8970 | D:11     | Received a gift from Okawaru
  8970 | D:11     | Reached skill level 15 in Axes
  9020 | D:11     | Found a staircase to the Lair.
  9028 | D:11     | Noticed a green ugly thing
  9036 | D:11     | Killed a green ugly thing
  9111 | D:11     | Found an opulent altar of Gozag.
  9146 | D:11     | Noticed Urug
  9161 | D:11     | Killed Urug
  9371 | D:11     | Found a staircase to the Orcish Mines.
  9484 | Lair:1   | Entered Level 1 of the Lair of Beasts
  9616 | Lair:1   | Reached skill level 16 in Axes
  9616 | Lair:1   | Reached XP level 12. HP: 90/90 MP: 18/18
 10388 | Lair:2   | Reached ****** piety under Okawaru
 10450 | Lair:2   | Reached skill level 10 in Invocations
 10964 | Lair:2   | Found a staircase to the Shoals.
 11246 | Lair:2   | Identified 2 scrolls of acquirement
 11264 | Lair:3   | Noticed Gastronok
 11267 | Lair:3   | Found a hole to the Spider Nest.
 11353 | Lair:3   | Killed Gastronok
 11353 | Lair:3   | Received a gift from Okawaru
 11450 | Lair:3   | Reached skill level 5 in Fighting
 11573 | Lair:3   | Reached skill level 17 in Axes
 11670 | Lair:3   | Noticed a death yak
 11678 | Lair:3   | Noticed a death yak
 11678 | Lair:3   | Noticed a death yak
 11680 | Lair:3   | Noticed a death yak
 11681 | Lair:3   | Killed a death yak
 11682 | Lair:3   | Noticed a death yak
 11682 | Lair:3   | Noticed a death yak
 11687 | Lair:3   | Killed a death yak
 11687 | Lair:3   | Received a gift from Okawaru
 11691 | Lair:3   | Killed a death yak
 11695 | Lair:3   | Killed a death yak
 11699 | Lair:3   | Killed a death yak
 11702 | Lair:3   | Killed a death yak
 11702 | Lair:3   | Reached XP level 13. HP: 71/103 MP: 19/19
 11775 | Lair:3   | Noticed a fire dragon
 11789 | Lair:3   | Killed a fire dragon
 12023 | Lair:3   | Noticed Nergalle
 12035 | Lair:3   | Killed Nergalle
 12319 | Lair:4   | Found a runed gate.
 12319 | Lair:4   | Found a runed gate.
 12319 | Lair:4   | Found a runed gate.
 12490 | Lair:4   | Noticed Exirev's ghost (journeyman MfIE)
 12608 | Lair:4   | Upgraded the game from 0.23-a0-712-g3a644c0 to
                  | 0.23-a0-726-g9fa1570
 12901 | Lair:4   | Reached skill level 18 in Axes
 13075 | Lair:4   | Received a gift from Okawaru
 13333 | Lair:4   | Killed Exirev's ghost
 13836 | Lair:5   | Received a gift from Okawaru
 13952 | Lair:5   | Reached skill level 10 in Shields
 14594 | Lair:6   | Entered Level 6 of the Lair of Beasts
 14662 | Lair:6   | Reached XP level 14. HP: 100/118 MP: 20/20
 14743 | Lair:6   | Received a gift from Okawaru
 14841 | Lair:6   | Reached skill level 10 in Fighting
 15432 | Lair:6   | Found a staircase to the Slime Pits.
 15867 | Lair:6   | Reached skill level 15 in Armour
 16066 | Lair:6   | Got a transparent broad axe
 16067 | Lair:6   | Identified the +7 broad axe "Faroet" {flame, rElec} (You
                  | acquired it on level 6 of the Lair of Beasts)
 16248 | D:12     | Received a gift from Okawaru
 16368 | D:12     | Got a spiked buckler
 16379 | D:12     | Identified the +2 buckler of Taoticil {rPois rC+ Str+2
                  | Stlth-} (You acquired it on level 12 of the Dungeon)
 17073 | D:13     | HP: 4/125 [meliai/divine providence (9)]
 17078 | D:13     | HP: 5/125 [poisoned by a meliai]
 17093 | D:13     | Killed from afar by a meliai

Vault maps used:
D:1:      mrwooster_arrival_arrow
D:2:      wad_river_or_something, yredelemnul_altar_generic,
          nemelex_xobeh_ov_fountains_minmay, chequers_ecumenical_altar_simple,
          first_ration, minmay_fountain_box, minmay_tromino_i2
D:3:      kennysheep_the_goblin_king, overflow_temple_1_default,
          okawaru_metal_pillars_1_2
D:4:      black_bear_nest_2, overflow_temple_1_default, minmay_starry_boxes,
          uniq_menkaure, uniq_pikel
D:5:      kennysheep_mini_moat
D:6:      minmay_temple_entry_large_hall
D:7:      nicolae_whirlpool, old_standard_altar, the_bakery, uniq_duvessa,
          uniq_harold
D:8:      eat_drink_and_be_merry_uskayaw, ashenzari_conservatory_becter,
          serial_corexii_hall, chequers_hall_statues_y, corexii_hall_statues_u,
          eino_curves_01, uniq_erica
D:9:      grunt_qazlal_sundering, hive_lemuel
D:11:     grunt_lair_entry_orc_guard_hut, david_orc_2, basic_altar, uniq_urug
D:13:     enter_trove_0, minmay_fire_ice_demons
Lair:1:   beast_lair_carwin_large_1, minivault_23, nicolae_quartered_pool_super,
          lemuel_old_faithful
Lair:2:   elwin_shoals_entry_rooms
Lair:3:   dragon1_lemuel, spider_nest_entry_a, uniq_nergalle, uniq_gastronok
Lair:4:   serial_bayou, serial_bayou_pond_b, serial_bayou_lagoon_a,
          serial_bayou_lagoon_b, serial_bayou_ford_a, serial_bayou_pond_e,
          gammafunk_ghost_necromancy, grunt_forest_small_clearings,
          minmay_lair_oklob_chamber
Lair:5:   serial_bayou_pond_d, lemuel_fruit_fields
Lair:6:   guppyfry_lair_end_dragon, hangedman_lair_tendril_chambers,
          slime_dummy, chequers_serial_rivers_room_b, serial_bayou_pond_c,
          lemuel_fruit_fields

Skill      XL: |  1  2  3  4  5  6  7  8  9 10 11 12 13 14 |
---------------+-------------------------------------------+-----
Shields        | 4 5 7 10 12 | 12.3
Armour         | 4 5 6 8 9 11 12 13 15 | 15.3
Axes           | 3 4 7 8 10 12 14 16 17 18 | 18.0
Invocations    | 1 3 4 5 7 8 9 10 | 10.0
Fighting       | 6 9 11 | 11.7

Action                   |  1- 3 |  4- 6 |  7- 9 | 10-12 | 13-15 || total
-------------------------+-------+-------+-------+-------+-------++-------
Melee: War axe           |    99 |    75 |   190 |   173 |    36 ||   573
       Headbutt          |    13 |    11 |    47 |    90 |   117 ||   278
       Broad axe         |       |       |       |   295 |   480 ||   775
       Scimitar          |       |       |       |       |     8 ||     8
Throw: Javelin           |       |     2 |       |       |       ||     2
Invok: Heroism           |       |       |     2 |     5 |     7 ||    14
Evoke: Wand              |       |       |       |     2 |     1 ||     3
  Use: Scroll            |     3 |       |     7 |    13 |    13 ||    36
       Potion            |       |     2 |     1 |     3 |     5 ||    11
  Eat: Chunk             |     2 |     4 |    10 |    17 |    17 ||    50
       Ration            |       |       |     1 |       |       ||     1
Armor: Scale mail        |    44 |    25 |     1 |       |    10 ||    80
       Plate armour      |       |       |   101 |   125 |    67 ||   293
       Skin              |       |       |       |    25 |       ||    25
       Ring mail         |       |       |       |    46 |   125 ||   171
Dodge: Dodged            |    34 |    20 |    23 |    73 |   170 ||   320
Block: Shield            |    62 |    37 |    75 |   218 |   286 ||   678
       Rpst.: Scimitar   |       |       |       |       |     1 ||     1

Table legend:
 A = Non-vault XP
 B = Vault XP
 C = Vault XP percentage of total XP
 D = Non-vault monster count
 E = Vault monster count
 F = Vault count percentage of total count
                 A         B        C        D         E       F
            +---------+---------+-------+---------+---------+-------
      Total |   64517 |   32045 |  33.2 |     377 |     134 |  26.2
            +---------+---------+-------+---------+---------+-------
        D:1 |      18 |       0 |   0.0 |      12 |       0 |   0.0
        D:2 |      49 |      30 |  38.0 |      20 |      10 |  33.3
        D:3 |     125 |      13 |   9.4 |       9 |       7 |  43.8
        D:4 |     332 |     955 |  74.2 |      13 |       6 |  31.6
        D:5 |     517 |       0 |   0.0 |      14 |       0 |   0.0
        D:6 |     230 |       0 |   0.0 |      12 |       0 |   0.0
        D:7 |    1735 |    1622 |  48.3 |      17 |       6 |  26.1
        D:8 |     675 |     929 |  57.9 |      15 |       1 |   6.2
        D:9 |    1143 |       0 |   0.0 |      15 |       0 |   0.0
       D:10 |    5371 |       0 |   0.0 |      45 |       0 |   0.0
       D:11 |    5020 |    1520 |  23.2 |      37 |      13 |  26.0
       D:12 |    3634 |       0 |   0.0 |      25 |       0 |   0.0
       D:13 |    3645 |    1323 |  26.6 |      11 |      10 |  47.6
     Lair:1 |    2326 |     997 |  30.0 |      11 |      10 |  47.6
     Lair:2 |    1701 |     882 |  34.1 |       7 |       3 |  30.0
     Lair:3 |   10500 |    4571 |  30.3 |      29 |       5 |  14.7
     Lair:4 |    9147 |    4726 |  34.1 |      36 |      11 |  23.4
     Lair:5 |    7779 |       0 |   0.0 |      25 |       0 |   0.0
     Lair:6 |   10570 |   14477 |  57.8 |      24 |      52 |  68.4
            +---------+---------+-------+---------+---------+-------
